 Dungeon Crawl Stone Soup version 0.29-a0-121-g8efb068a30 (webtiles) character file.

Game seed: 15107036145246712002

33 Gargoyl the Skirmisher (level 3, -1/24 HPs)
             Began as a Gargoyle Abyssal Knight on Feb 20, 2022.
             Was a Follower of Lugonu.
             Slain by Natasha (5 damage)
             ... on level 2 of the Dungeon.
             The game lasted 00:00:37 (671 turns).

Gargoyl the Skirmisher (Gargoyle Abyssal Knight)     Turns: 671, Time: 00:00:37

Health: -1/24      AC:  6    Str: 18    XL:     3   Next: 29%
Magic:  4/4        EV: 11    Int: 10    God:    Lugonu [*.....]
Gold:   16         SH:  0    Dex: 10    Spells: 2/2 levels left

rFire   . . .      SeeInvis .   a - +1 hand axe
rCold   . . .      Faith    .   (no shield)
rNeg    + . .      Spirit   .   b - +0 leather armour
rPois   ∞          Reflect  .   (no helmet)
rElec   +          Harm     .   (no cloak)
rCorr   .          Rampage  .   (no gloves)
Will    .....                   (no boots)
Stlth   +.........              (no amulet)
HPRegen 0.08/turn               (no ring)
MPRegen 0.09/turn               (no ring)

@: no status effects
A: sickness immunity, AC +3, negative energy resistance 1, electricity
resistance, torment resistance 1, petrification resistance
a: Renounce Religion, Depart the Abyss


You were on level 2 of the Dungeon.
You worshipped Lugonu.
Lugonu was aware of your devotion.
You visited 1 branch of the dungeon, and saw 2 of its levels.
You visited the Abyss 1 time.

You collected 16 gold pieces.

Inventory:

Hand Weapons
 a - a +1 hand axe (weapon)
Armour
 b - a +0 leather armour (worn)
Scrolls
 c - a scroll of identify {unknown}
 f - 2 scrolls of blinking {unknown}
 g - a scroll of fear {unknown}
Potions
 d - 2 potions of curing {unknown}
 e - a potion of invisibility {unknown}


   Skills:
 + Level 4.0 Fighting
 + Level 2.1 Axes
 + Level 2.4 Armour
 + Level 1.2 Dodging
 + Level 2.2 Invocations


You had 2 spell levels left.
You didn't know any spells.
Your spell library contained the following spells:

 Spells                   Type           Power      Damage    Failure   Level
 Foxfire                  Conj/Fire      0%         2x1d4     41%         1
 Conjure Flame            Conj/Fire      0%         6-21      80%         3
 Inner Flame              Hex/Fire       0%         N/A       80%         3
 Flame Wave               Conj/Fire      0%         2d4       99%         4


Dungeon Overview and Level Annotations

Branches:
Dungeon (2/15)

Altars:

Shops:
D:1 **

Annotations:
D:2 Natasha


Innate Abilities, Weirdness & Mutations

You are immune to sickness and miasma.
Your stone body is resilient. (AC +3)
You are immune to poison.
You resist negative energy. (rN+)
You are resistant to electric shocks. (rElec)
You are resistant to unholy torment.
You are immune to petrification.


Message History

You have reached level 3!
Your experience leads to an increase in your attributes!
Increase (S)trength, (I)ntelligence, or (D)exterity?
You feel stronger. x2
Natasha, Servant of Life and Death comes into view.
Natasha is nearby!
Natasha is nearby!
Natasha is nearby!
Natasha howls an incantation.
You feel disoriented. Natasha misses you.
You hit Natasha.
Natasha is lightly wounded.
Natasha claws you.
You closely miss Natasha.
Natasha is lightly wounded.
Natasha claws you.
You hit Natasha but do no damage.
Natasha is lightly wounded.
Natasha claws you. Natasha misses you.
Unknown command.
You barely miss Natasha.
Natasha is lightly wounded.
Natasha claws you but does no damage.
You hit Natasha.
Natasha is moderately wounded.
Natasha barely misses you.
You hit Natasha but do no damage. Your punch misses Natasha.
Natasha is moderately wounded.
Natasha mumbles some strange words.
Natasha shimmers violently.
Natasha claws you.
* * * LOW HITPOINT WARNING * * *
You hit Natasha.
Natasha is heavily wounded.
Natasha claws you but does no damage.
You barely miss Natasha.
Natasha is heavily wounded.
Natasha barely misses you. Natasha claws you.
You die...

##############
#............# ##
#............## #.(
+.............. ##.####
#.............#
......####..............
..>.....................
......######....@h......
.........###............
.................#+#....
.................# ...
.................<. .
##........#.....#.##
#........#.....#.#
#...)....#.....#.#
#........#.....#


You could see Natasha.

Vanquished Creatures
  Natasha (D:2)
  3 endoplasms
  A kobold (D:2)
  A quokka (D:2)
  3 bats (D:1)
  A rat (D:1)
10 creatures vanquished.

Notes
Turn   | Place    | Note
-------+----------+-------------------------------------------
     0 | Abyss:1  | Gargoyl the Gargoyle Abyssal Knight began the quest for the
                  | Orb.
     0 | Abyss:1  | Reached XP level 1. HP: 14/14 MP: 2/2
     0 | D:1      | Escaped the Abyss
   274 | D:1      | Reached * piety under Lugonu
   453 | D:1      | Found Loumidgh's Assorted Antiques.
   454 | D:1      | Found Denoub's Assorted Antiques.
   509 | D:1      | You fall into a shaft and drop 1 floor!
   517 | D:2      | Reached XP level 2. HP: 13/19 MP: 3/3
   629 | D:2      | Noticed Natasha
   639 | D:2      | Killed Natasha
   640 | D:2      | Reached skill level 4 in Fighting
   640 | D:2      | Reached skill level 1 in Dodging
   640 | D:2      | Reached XP level 3. HP: 17/24 MP: 4/4
   660 | D:2      | Noticed Natasha
   671 | D:2      | Slain by Natasha

Illustrated notes

Levels and vault maps discovered:
D:1:      minmay_arrival_widening_spiral_narrow, layout_basic,
          shapermc_ecumenical_altar_totnotflames, serial_shops,
          nicolae_shop_stone, shop, nicolae_shop_stone,
          nicolae_shop_bloodbath_and_beyond
D:2:      layout_basic, serial_shops, shop_fountains, uniq_natasha, uniq_jessica

Skill      XL: |  1  2 |
---------------+-------+-----
Fighting       | 4 |  4.0
Axes           | 2 |  2.1
Dodging        | 1 |  1.2
Armour         | |  2.4
Invocations    | |  2.2

Action                   || total
-------------------------++-------
Melee: Hand axe          ||    37
Invok: Depart the Abyss  ||     1
Armor: Leather armour    ||    26
Dodge: Dodged            ||    30

Table legend: (Time is in decaauts)
 A = Elapsed time spent in this place.
 B = Non-inter-level travel time spent in this place.
 C = Inter-level travel time spent in this place.
 D = Time resting spent in this place.
 E = Time spent auto-exploring this place.
 F = Levels seen in this place.
 G = Mean time per level.
                   A        B        C        D        E       F      G
               +--------+--------+--------+--------+--------+-----+--------+
         Total |    678 |    678 |      0 |      0 |    562 |   3 |  226.0 |
       Dungeon |    678 |    678 |      0 |      0 |    562 |   2 |  339.0 |
         Abyss |      0 |      0 |      0 |      0 |      0 |   1 |    0.0 |
               +--------+--------+--------+--------+--------+-----+--------+

Top non-repeatable levels by time:
     D:1: 512 daAuts
     D:2: 166 daAuts
